 Dungeon Crawl Stone Soup version 0.31-a0-44-g49d609d0da (webtiles) character file.

Game seed: 11701555916348378770

490 NateTC the Cudgeller (level 7, -10/62 HPs)
             Began as a Meteoran Fighter on May 20, 2023.
             Was an Initiate of Gozag.
             Mangled by a two-headed ogre
             ... wielding a +0 giant club
              (27 damage)
             ... on level 8 of the Dungeon.
             The game lasted 00:08:15 (2410 turns).

NateTC the Cudgeller (Meteoran Fighter)             Turns: 2410, Time: 00:08:16

Health: -10/62     AC: 14    Str: 20    XL:     7   Next: 64%
Magic:  8/8        EV:  5    Int: 13    God:    Gozag
Gold:   208        SH: 10    Dex: 13    Spells: 6/6 levels left

rFire   + . .        a - +0 flail
rCold   + . .        c - +0 buckler
rNeg    . . .        n - +1 plate armour {rF+}
rPois   .            u - +1 helmet {Int+3}
rElec   .            (no cloak)
rCorr   .            (no gloves)
SInv    +            (no boots)
Will    .....        r - amulet of reflection Stlth
                     k - ring "Rumatwaj" {Fly SInv}
HPRegen 0.30/turn    p - ring of protection from cold
MPRegen 0.11/turn

%: reflection
@: mighty, flying, glowing
A: sense surroundings 1, otherworldly, glowing, explore regen
a: Renounce Religion, Potion Petition, Call Merchant, Bribe Branch


You were on level 8 of the Dungeon.
You worshipped Gozag.
Gozag was aware of your devotion.
You visited 1 branch of the dungeon, and saw 6 of its levels.

You collected 568 gold pieces.
You spent 360 gold pieces at shops.

Inventory:

Hand Weapons
 a - a +0 flail (weapon)
Armour
 c - a +0 buckler (worn)
 n - a +1 plate armour of fire resistance (worn)
 u - a +1 helmet of intelligence (worn)
Jewellery
 k - the ring "Rumatwaj" (left hand) {Fly SInv}
   (You acquired it on level 2 of the Dungeon)

   [ring of flight]

   SInv:      It lets you see invisible.
   Fly:       It grants you flight.
 p - a ring of protection from cold (right hand)
 r - an amulet of reflection (around neck)
Scrolls
 e - a scroll of magic mapping
 l - 2 scrolls of identify
 m - 4 scrolls of amnesia
 q - a scroll of teleportation
 s - a scroll of immolation {unknown}
Potions
 b - a potion of cancellation {unknown}
 d - 2 potions of might
 f - a potion of flight
 g - 2 potions of ambrosia {unknown}
 h - 4 potions of curing {unknown}
 i - a potion of lignification {unknown}
 j - 2 potions of brilliance {unknown}
 o - 2 potions of attraction {unknown}
 t - a potion of haste {unknown}


   Skills:
 - Level 5.9 Fighting
 + Level 7.7 Maces & Flails
 * Level 3.8 Armour
 + Level 3.7 Shields


You had 6 spell levels left.
You didn't know any spells.
Your spell library contained the following spells:

 Spells                   Type           Power      Damage    Failure   Level
 Slow                     Hex            0%         N/A       100%        1
 Blink                    Tloc           0%         N/A       100%        2
 Ensorcelled Hibernation  Hex/Ice        0%         N/A       100%        2
 Lesser Beckoning         Tloc           0%         N/A       100%        2
 Momentum Strike          Conj/Tloc      0%         3d8       100%        2
 Poisonous Vapours        Pois/Air       0%         N/A       100%        2
 Confusing Touch          Hex            0%         N/A       100%        3
 Mephitic Cloud           Conj/Pois/Air  0%         N/A       100%        3
 Spider Form              Tmut/Pois      0%         N/A       100%        3
 Vampiric Draining        Necr           0%         2d6       100%        3
 Anguish                  Hex/Necr       0%         N/A       100%        4
 Summon Ice Beast         Ice/Summ       0%         N/A       100%        4
 Freezing Cloud           Conj/Ice/Air   0%         6-21      100%        5
 Summon Mana Viper        Hex/Summ       0%         N/A       100%        5
 Monstrous Menagerie      Summ           0%         N/A       100%        7


Dungeon Overview and Level Annotations

Branches:
Dungeon (5/15) Zot: 1148   Temple (0/1) D:4

Altars:
Cheibriados
Gozag
Uskayaw

Shops:
D:4 =


Innate Abilities, Weirdness & Mutations

You passively map a small area around you.
You are easily found by Zot.
You glow in the dark.
You regain HP and MP as you explore.


Message History

Found a robe.
A two-headed ogre comes into view. It is wielding two +0 giant clubs.
The two-headed ogre shouts in stereo!
You hear a shout!
You see here a scroll of torment.
The two-headed ogre hits you with a +0 giant club!
You block the two-headed ogre's attack.
You hit the two-headed ogre but do no damage.
You sock the two-headed ogre!
The two-headed ogre is lightly wounded.
You block the two-headed ogre's attack.
The two-headed ogre hits you with a +0 giant club.
A kobold brigand comes into view.
It is wielding a +0 short sword and quivering poisoned darts.
You hit the two-headed ogre.
The two-headed ogre is lightly wounded.
You block the two-headed ogre's attack. x2
You barely miss the two-headed ogre.
The two-headed ogre is lightly wounded.
The two-headed ogre hits you with a +0 giant club! x2
* * * LOW HITPOINT WARNING * * *
You thump the two-headed ogre!
The two-headed ogre is moderately wounded.
A kobold comes into view.
It is wielding a +0 short sword of venom.
You see here a scroll of torment.
Okay, then.
You feel very mighty all of a sudden.
The two-headed ogre hits you but does no damage.
The two-headed ogre barely misses you.
A kobold comes into view. It is wielding a +0 club.
The kobold shouts!
You thump the two-headed ogre!
The two-headed ogre is heavily wounded.
You block the two-headed ogre's attack. x2
The kobold shouts!
You sock the two-headed ogre!
The two-headed ogre is severely wounded.
You hit the two-headed ogre.
The two-headed ogre is severely wounded.
The two-headed ogre hits you with a +0 giant club!!
You die...
Your body crumbles into a pile of gold.

.##...#.# * ,,.....#.# *
* , ,,...K..# , *
#..K#.####* ,
#........., ....
######...#, ** * , ,
*#... *......(..# #..#..
+...
.#####..O#+#####..#.#
#... #..K@....##..#.#
*... ,*
#........##..#.#####. ,
#........##..#....... *
#........##.......... ,
,...............#..####.
,*
##.#####......)........
,
,.[.....................
*
##,...##.####......##..
*,## *#.# #.#######..


You could see a two-headed ogre, a kobold brigand and 2 kobolds.

Vanquished Creatures
  Pargi (D:3)
  An ogre (D:4)
  A phantom (D:4)
  A scorpion (D:4)
  2 iguanas
  An orc wizard (D:3)
  Robin (D:3)
  An adder (D:2)
  4 dart slugs
  5 orcs
  4 bats
  An endoplasm (D:2)
  3 giant cockroaches (D:2)
  12 hobgoblins
  2 kobolds
  5 quokkas
  3 ball pythons
  14 frilled lizards
  9 goblins
  4 rats
75 creatures vanquished.

Notes
Turn   | Place    | Note
-------+----------+-------------------------------------------
     0 | D:1      | NateTC the Meteoran Fighter began the quest for the Orb.
     0 | D:1      | Reached XP level 1. HP: 19/19 MP: 2/2
   132 | D:1      | Reached skill level 3 in Maces & Flails
   132 | D:1      | Reached XP level 2. HP: 18/26 MP: 3/3
   205 | D:1      | Reached XP level 3. HP: 31/31 MP: 4/4
   493 | D:2      | Found a faded altar of an unknown god.
   498 | D:2      | Reached skill level 4 in Maces & Flails
   501 | D:2      | Prayed at the altar of an unknown god.
   501 | D:2      | Became a worshipper of Gozag Ym Sagoz the Greedy
   785 | D:2      | Reached XP level 4. HP: 31/40 MP: 5/5
   863 | D:2      | Identified a scroll of acquirement
   865 | D:2      | Acquired the ring "Rumatwaj" {Fly SInv}
   953 | D:3      | Found a snail-covered altar of Cheibriados.
   988 | D:3      | Reached skill level 5 in Maces & Flails
  1082 | D:3      | Noticed Pargi
  1108 | D:3      | Killed Pargi
  1109 | D:3      | Reached skill level 6 in Maces & Flails
  1109 | D:3      | Reached XP level 5. HP: 17/46 MP: 6/6
  1109 | D:3      | Reached XP level 6. HP: 19/52 MP: 7/7
  1325 | D:3      | Noticed Robin
  1333 | D:3      | Killed Robin
  1334 | D:3      | Reached skill level 7 in Maces & Flails
  1597 | D:4      | Noticed an ogre
  1614 | D:4      | Killed an ogre
  1615 | D:4      | Reached skill level 5 in Fighting
  1615 | D:4      | Reached XP level 7. HP: 46/61 MP: 8/8
  1721 | D:4      | Found a hide-covered altar of Uskayaw.
  2016 | D:4      | Found Esefinol's Jewellery Shoppe.
  2024 | D:4      | Bought an amulet of reflection for 360 gold pieces
  2177 | D:4      | Found a staircase to the Ecumenical Temple.
  2259 | D:4      | Glimpsed the power of Zot.
  2278 | D:5      | Entered Level 5 of the Dungeon
  2334 | D:5      | You are sucked into a shaft and drop 3 floors!
  2395 | D:8      | Noticed a two-headed ogre
  2410 | D:8      | Mangled by a two-headed ogre

Illustrated notes

Levels and vault maps discovered:
D:1:      psy_arrival_statuary, layout_basic
D:2:      layout_basic, hellmonk_ecumenical_altar_slurped_away
D:3:      layout_rooms, mainiacjoe_overflow_catwalk, minmay_close_crescents,
          uniq_pargi, uniq_robin
D:4:      layout_loops_ring, mainiacjoe_overflow_concentric_impassable,
          temple_hall, serial_shops, nicolae_shop_gaudy_bauble,
          minmay_lizard_king
D:5:      layout_basic, kennysheep_little_box, minmay_misc_feat_rows,
          kennysheep_potato
D:8:      layout_basic, marbit_many_paths, lair_entry_dummy, grunt_ogre_cave,
          moated_statue

Skill      XL: |  1  2  3  4  5  6 |
---------------+-------------------+-----
Maces & Flails | 3 4 6 7 |  7.7
Fighting       | 5 |  5.9
Armour         | |  3.8
Shields        | |  3.7

Action                     |  1- 3 |  4- 6 |  7- 9 || total
---------------------------+-------+-------+-------++-------
  Melee: Flail             |    99 |   111 |    63 ||   273
    Use: Scroll            |     2 |     5 |       ||     7
         Potion            |       |       |     1 ||     1
   Stab: Distracted        |       |     1 |       ||     1
 Armour: Scale mail        |    48 |     1 |       ||    49
         Plate armour      |       |   102 |    69 ||   171
  Dodge: Dodged            |    35 |    25 |    17 ||    77
  Block: Buckler           |    34 |    30 |    27 ||    91

Table legend: (Time is in decaauts)
 A = Elapsed time spent in this place.
 B = Non-inter-level travel time spent in this place.
 C = Inter-level travel time spent in this place.
 D = Time resting spent in this place.
 E = Time spent auto-exploring this place.
 F = Levels seen in this place.
 G = Mean time per level.
                   A        B        C        D        E       F      G
               +--------+--------+--------+--------+--------+-----+--------+
         Total |   2450 |   2383 |     67 |     85 |    963 |   6 |  408.3 |
       Dungeon |   2450 |   2383 |     67 |     85 |    963 |   6 |  408.3 |
               +--------+--------+--------+--------+--------+-----+--------+

Top non-repeatable levels by time:
     D:4: 703 daAuts
     D:3: 695 daAuts
     D:2: 612 daAuts
     D:1: 306 daAuts
     D:8: 76 daAuts
     D:5: 55 daAuts
